Unix NetHack Version 5.0.0-0 post-release - last build Jul 19 2026 19:10:59 (3aa4ab31751d3886436d94b585a96704892fd477,branch:main).

Game began 2026-07-27 18:14:56, ended 2026-07-27 22:16:39.

Eymerich, chaotic male elven Priest

                                 ---
                              ---..|.
                              |.......
                              |........
                              ----.....-
                                 --.|...-  ----
                                  -----..  |..-
                                     --...--...
                                   ---.....@..
                                   ....--.)...
                                   ---- ---.

Eymerich the Acolyte         St:13 Dx:12 Co:13 In:7 Wi:18 Ch:17  Chaotic
Dlvl:4  $:0  HP:0(34) Pw:67(71) AC:-1 Xp:5 T:2177  Blind

Latest messages:
 The hobbit shoots a rock!
 The gnome lord is hit.
 The gnome lord is killed!
 What do you want to zap? [cjlY or ?*]
 In what direction?
 You kill the gnome!
 You are beginning to feel hungry.
 You see here a gnome lord corpse.
 The hobbit shoots a rock!
 You are hit by a rock.
 You hear a chugging sound.
 The gnome shoots an arrow!
 The hobbit is hit!
 The golden haze around you disappears.
 What do you want to zap? [cjlY or ?*]
 In what direction?
 The sleep ray hits the hobbit.
 The sleep ray hits the gnome.
 There is a gnome lord corpse here; eat it? [ynq] (n)
 This gnome lord corpse is tough.
 You stop eating the gnome lord corpse.
 There is a partly eaten gnome lord corpse here; eat it? [ynq] (n)
 You resume your meal.
 You finish eating the gnome lord corpse.
 The dwarf wields a dagger!
 In what direction?
 The thonged club hits the dwarf.
 The thonged club returns to your hand!
 In what direction?
 The thonged club misses the dwarf.
 The thonged club returns to your hand!
 The dwarf picks up a bow.
 You miss the dwarf.
 You miss the dwarf.
 The dwarf hurls a milky potion!
 The bottle crashes on your head and breaks into shards.
 The milky potion evaporates.
 It suddenly gets dark.
 Wait!  There's something there you can't see!
 It just misses!
 You miss it.
 It hits!
 You hit it.
 It just misses!
 You miss it.
 It hits!
 You die...
 Do you want your possessions identified? [ynq] (y)
 Do you want to see your attributes? [ynq] (y)
 Do you want an account of creatures vanquished? [ynaq] (y)

Inventory:
 Weapons  (')')
  N - 7 +0 crossbow bolts
  V - a +0 crossbow (alternate weapon; not wielded)
  G - 4 +1 daggers
  E - a +0 dagger
  w - a +0 elven spear
  k - a +0 orcish dagger
  t - a +0 aklys (tethered to right hand)
 Armor    ('[')
  Q - a +0 dwarvish iron helm (being worn)
  y - a +0 pair of gauntlets of dexterity (being worn)
  X - a +0 pair of iron shoes (being worn)
  b - a +0 robe
  T - a +0 dwarvish mithril-coat (being worn)
 Comestibles  ('%')
  e - a clove of garlic
  L - a fortune cookie
  f - 2 sprigs of wolfsbane
 Scrolls  ('?')
  n - a scroll of scare monster
 Potions  ('!')
  p - a potion of healing
  o - a potion of restore ability
  v - a potion of sleeping
  d - 4 potions of holy water
 Wands    ('/')
  j - a wand of fire (0:5)
  l - a wand of lightning (0:3)
  c - a wand of magic missile (0:3)
  Y - a wand of sleep (0:2)
 Gems/Stones  ('*')
  H - a black opal named hard
  J - a worthless piece of blue glass named soft
  a - 2 worthless pieces of violet glass named soft
  U - 7 rocks (in quiver pouch)

Eymerich the Priest's attributes:

Background:
 You were an Acolyte, a level 5 elven Priest.
 You were chaotic, nominally on a mission for Manannan Mac Lir
 who was opposed by Lugh (lawful) and Brigit (neutral).
 You were right-handed.
 You were in the Gnomish Mines, on level 4.
 You entered the dungeon 2177 turns ago.
 It was nighttime.
 You had 171 experience points, 149 more were needed to attain level 6.

Basics:
 You had 0 out of 34 hit points.
 You had 67 out of 71 energy points (spell power).
 Your armor class was -1.
 Your wallet was empty.
 Autopickup was off.

Final Characteristics:
 Your strength was 13 (limit:18).
 Your dexterity was 12 (limit:18).
 Your constitution was 13 (limit:16).
 Your intelligence was 7 (limit:20).
 Your wisdom was 18 (limit:20).
 Your charisma was 17 (limit:18).

Final Status:
 You were temporarily blind.
 You weren't hungry.
 You were unencumbered.
 You were wielding a club.
 You were unskilled in club.

Final Attributes:
 You were piously aligned.
 You were sleep resistant.
 You had infravision.
 You were guarded.
 Your spell casting was impaired by metallic armor.
 You are dead.

Miscellaneous:
 You didn't encounter any bones levels.
 Total elapsed playing time was 37 minutes and 19 seconds.

Major events:
 Turn
    1: Eymerich the chaotic elven Priest entered the dungeon
 1019: entered the Gnomish Mines
 1120: attained the rank of Acolyte (level 3)
 2177: killed by a dwarf

Spells:
 Name                 Level Category     Fail Retention
 detect monsters        1   divination   100%  76%-100%
 protection             1   clerical     100%   81%-90%

Skills:
 Fighting Skills
   bare handed combat [Unskilled]
 Weapon Skills
   club               [Unskilled]
   mace               [Basic]
   morning star       [Unskilled]
   flail              [Unskilled]
   hammer             [Unskilled]
   quarterstaff       [Unskilled]
   polearms           [Unskilled]
   spear              [Unskilled]
   trident            [Unskilled]
   lance              [Unskilled]
   bow                [Unskilled]
   sling              [Unskilled]
   crossbow           [Unskilled]
   dart               [Unskilled]
   shuriken           [Unskilled]
   boomerang          [Unskilled]
   unicorn horn       [Unskilled]
 Spellcasting Skills
   healing spells     [Unskilled]
   divination spells  [Unskilled]
   clerical spells    [Basic]

Voluntary challenges:
 Character rerolling was not enabled.
 You were an atheist.
 You were illiterate.
 You never genocided any monsters.
 You never polymorphed an object.
 You never changed form.
 You used no wishes.
Achievements:
 You entered the Gnomish Mines.
 You attained the rank of Acolyte.

 The Dungeons of Doom: levels 1 to 2
    Level 1:
       An altar to Manannan Mac Lir, a sink.
    Level 2:
       Stairs down to The Gnomish Mines.
 The Gnomish Mines: levels 3 to 4
    Level 3:
    Level 4: <- You were here.
       Final resting place for
          you, killed by a dwarf.


Vanquished creatures:
  a shrieker
  3 gnome leaders
  a gnomish wizard
  2 dwarves
  2 dwarf zombies
 an iguana
 an acid blob
  2 cave spiders
  a yellow mold
  a green mold
 12 gnomes
  3 jackals
  2 goblins
  3 sewer rats
 11 grid bugs
  3 lichens
  3 newts
52 creatures vanquished.

No species were genocided or became extinct.

Game over:
                       ----------
                      /          \
                     /    REST    \
                    /      IN      \
                   /     PEACE      \
                  /                  \
                  |     Eymerich     |
                  |       0 Au       |
                  |   killed by a    |
                  |      dwarf       |
                  |                  |
                  |                  |
                  |       2026       |
                 *|     *  *  *      | *
        _________)/\\_//(\/(/\)/\//\/|_)_______

Goodbye Eymerich the Priest...

You died in The Gnomish Mines on dungeon level 4 with 864 points,
and 0 pieces of gold, after 2177 moves.
You were level 5 with a maximum of 34 hit points when you died.

